 Dungeon Crawl Stone Soup version 0.16-a0-4020-g6ff35b5 (console) character file.

214 MrRokkomies the Digger (level 5, -2/33 HPs)
             Began as a Gargoyle Earth Elementalist on Feb 17, 2015.
             Was a Priest of Cheibriados.
             Killed by nerve-wracking pain
             ... invoked by an orc priest
              (8 damage)
             ... on level 4 of the Dungeon.
             The game lasted 00:24:12 (3049 turns).

MrRokkomies the Digger (GrEE)                       Turns: 3049, Time: 00:24:12

Health: -2/33      AC: 12    Str: 25    XL:     5   Next: 92%
Magic:  0/9        EV: 11    Int: 23    God:    Cheibriados [***...]
Gold:   146        SH:  0    Dex: 19    Spells: 4 memorised, 0 levels left

rFire  . . .     SeeInvis .     e - -2 blowgun (curse)
rCold  . . .     Clarity  .     j - +0 ring mail
rNeg   + . .     SustAb   .     (no shield)
rPois  ∞         Gourm    .     c - +1 helmet
rElec  +         Spirit   .     (no cloak)
rCorr  .         Warding  .     t - +0 pair of gloves
rMut   .         Stasis   .     (no boots)
MR     .....                    (no amulet)
Stlth  ++........               (no ring)
                                u - +5 ring of strength

@: very slow, not resistant to hostile enchantments, unstealthy
A: negative energy resistance 1, electricity resistance, unbreathing,
petrification resistance, rot immunity, AC +4
a: Bend Time, Temporal Distortion, Renounce Religion


You were on level 4 of the Dungeon.
You worshipped Cheibriados.
Cheibriados was most pleased with you.
You were very hungry.

You visited 1 branch of the dungeon, and saw 4 of its levels.

You collected 146 gold pieces.

Inventory:

Hand weapons
 a - a +0 dagger of venom
 e - a cursed -2 blowgun (weapon)
 v - a +0 flail
Missiles
 b - 65 stones (quivered)
Armour
 c - a +1 helmet (worn)
 j - a +0 ring mail (worn)
 t - a +0 pair of gloves (worn)
Magical staves
 r - an uncursed staff of summoning {unknown}
Jewellery
 o - an uncursed ring of teleportation
 u - a +5 ring of strength (left hand)
Scrolls
 l - a scroll of noise {unknown}
 m - a scroll of teleportation
Potions
 f - 2 potions of curing {unknown}
 k - a potion of cure mutation
 n - a potion of heal wounds {unknown}
Books
 d - a book of Geomancy

   Spells                             Type                      Level
   a - Sandblast                      Earth                        1
   b - Stoneskin                      Transmutation/Earth          2
   c - Passwall                       Transmutation/Earth          3
   d - Stone Arrow                    Conjuration/Earth            3
   e - Petrify                        Transmutation/Earth          4
   f - Lee's Rapid Deconstruction     Earth                        5
 p - a book of Battle

   Spells                             Type                      Level
   a - Infusion                       Charms                       1
   b - Shroud of Golubria             Charms/Translocation         2
   c - Song of Slaying                Charms                       2
   d - Spectral Weapon                Hexes/Charms                 3
   e - Regeneration                   Charms/Necromancy            3
Comestibles
 g - a bread ration
 h - 2 fruits
 i - a meat ration
 s - a slice of pizza


   Skills:
 * Level 4.2 Fighting
 - Level 1.5 Dodging
 - Level 2.1 Stealth
 - Level 2.0 Spellcasting
 - Level 0.7 Transmutations
 * Level 5.9 Earth Magic


You couldn't memorise any spells.
You knew the following spells:

 Your Spells              Type           Power        Failure   Level  Hunger
a - Sandblast             Erth           ####..       1%          1    #......
b - Stoneskin             Trmt/Erth      ###.....     10%         2    ##.....
c - Stone Arrow           Conj/Erth      ###...       21%         3    ###....
d - Shroud of Golubria    Chrm/Tloc      #.........   30%         2    ##.....


Dungeon Overview and Level Annotations

Branches:
Dungeon (4/15)
 Temple: D:4-7

Altars:
Ashenzari
Cheibriados
Sif Muna

Portals:
Ossuary: D:4


Innate Abilities, Weirdness & Mutations

You are resistant to torment.
You are immune to poison.
Your stone body is very resilient (AC +4).
You resist negative energy.
You are resistant to electric shocks.
You can survive without breathing.
You are immune to petrification.
You are immune to rotting.


Message History

The orc priest invokes the aid of Beogh against you.
Pain shoots through your body!
Throwing (i - inventory):
b - 66 stones (quivered)
Press: ? - help, Shift-Dir - straight line, f/p - orc priest
Aim: an orc priest, wielding a mace and wearing a chain mail (lightly wounded)
You throw a stone.
The stone hits the orc priest but does no damage.
The orc priest is lightly wounded.
The orc priest hits you with a mace.
* * * LOW HITPOINT WARNING * * *
Casting: Sandblast
Confirm with . or Enter, or press ? or * to list all spells.
Aiming: Sandblast
Press: ? - help, Shift-Dir - straight line, f/p - orc priest
Aim: an orc priest, wielding a mace and wearing a chain mail (lightly wounded)
The blast of sand hits the orc priest.
The orc priest is lightly wounded.
The orc priest invokes the aid of Beogh against you.
Pain shoots through your body!
You die...

##.... ...... #.. ..#
##.#.## #......##.# #..
##.#.####.###..##.# #..
............#.. ..# #.#
.#.###.##.#.#.# #.# #.#
.#.###.##.#.#.###.#####.#
.#..##.##.....##........#
.......#.........#.##.#.#
.#..##[#.......\@o.....(#
.......#..........###(###
.....#.#....(..#####...#
)...##.#.......# #.#.#
.#.###.#.......# ._ .#
.... ..#.......# .#. ##
##.############# .... . #
.. #


You could see an orc priest.

Vanquished Creatures
  Terence (D:2)
  Robin (D:2)
  7 adders
  A shadow imp (D:4)
  2 worms
  2 giant geckos
  9 orcs
  4 bats
  3 giant cockroaches
  18 goblins
  11 hobgoblins
  10 jackals
  10 kobolds
  4 giant newts
  A jackal zombie (D:4)
  2 quokkas
  8 rats
94 creatures vanquished.

Notes
Turn   | Place    | Note
--------------------------------------------------------------
     0 | D:1      | MrRokkomies, the Gargoyle Earth Elementalist, began the quest for the Orb.
     0 | D:1      | Reached XP level 1. HP: 10/10 MP: 3/3
    83 | D:1      | Reached skill level 1 in Fighting
   108 | D:1      | Reached XP level 2. HP: 8/16 MP: 2/4
   234 | D:1      | Learned a level 2 spell: Stoneskin
   318 | D:1      | Found a snail-covered altar of Cheibriados.
   327 | D:1      | Became a worshipper of Cheibriados the Contemplative
   355 | D:1      | Reached skill level 4 in Earth Magic
   932 | D:1      | Reached XP level 3. HP: 2/21 MP: 0/6
   934 | D:1      | HP: 1/21 [bat (1)]
  1366 | D:1      | Learned a level 3 spell: Stone Arrow
  1446 | D:2      | Noticed Robin
  1455 | D:2      | Killed Robin
  1470 | D:2      | Reached XP level 4. HP: 12/27 MP: 0/7
  1511 | D:2      | Reached skill level 5 in Earth Magic
  1737 | D:2      | Noticed Terence
  1752 | D:2      | Killed Terence
  1924 | D:2      | Found a shattered altar of Ashenzari.
  2167 | D:2      | Reached XP level 5. HP: 32/32 MP: 9/9
  2586 | D:3      | Learned a level 2 spell: Shroud of Golubria
  2752 | D:4      | Acquired Cheibriados' first power
  2986 | D:4      | Found a sand-covered staircase.
  3029 | D:4      | Found a deep blue altar of Sif Muna.
  3049 | D:4      | Killed from afar by an orc priest

Action                   |  1- 3 |  4- 6 || total
-------------------------+-------+-------++-------
Melee: Dagger            |    10 |   163 ||   173
       Unarmed           |     3 |       ||     3
       Whip              |   146 |    24 ||   170
Throw: Stone             |     1 |    75 ||    76
 Cast: Sandblast         |    22 |    28 ||    50
       Stoneskin         |     4 |     2 ||     6
       Stone Arrow       |       |     3 ||     3
  Use: Potion            |     1 |       ||     1
       Scroll            |       |     7 ||     7
 Stab: Sleeping          |     1 |       ||     1
  Eat: Chunk             |     2 |     4 ||     6
